 Dungeon Crawl Stone Soup version 0.27-a0-1147-gb3d8e82157 (webtiles) character file.

Game seed: 16629455401479141493

3504 lunkers the Thaumaturge (level 10, -1/76 HPs)
             Began as a Djinni Earth Elementalist on May 11, 2021.
             Was a Follower of Makhleb.
             Slain by a purple ugly thing (12 damage)
             ... on level 7 of the Dungeon.
             The game lasted 00:08:48 (7918 turns).

lunkers the Thaumaturge (Djinni Earth Elementalist) Turns: 7918, Time: 00:08:49

Health: -1/76      AC:  6    Str:  7    XL:     10   Next: 7%
Gold:   253        EV: 12    Int: 19    God:    Makhleb [*.....] SH:  0 Dex: 15

rFire    + + .     SeeInvis .   t - +1 trident (freeze)
rCold    x . .     Faith    .   (no shield)
rNeg     . . .     Spirit   .   c - +0 robe
rPois    ∞         Reflect  .   (no helmet)
rElec    .         Harm     .   (no cloak)
rCorr    .         Rampage  .   (no gloves)
Will     +....                  (boots unavailable)
Stlth    ++........             (no amulet)
HPRegen  0.22/turn              g - +4 ring of protection
MPRegen  0.00/turn              (no ring)

@: flying
A: sickness immunity, fire resistance 2, cold vulnerability 1, float, innate
caster, hp casting, extra vitality 1
a: Renounce Religion


You were on level 7 of the Dungeon.
You worshipped Makhleb.
Makhleb was aware of your devotion.
You visited 2 branches of the dungeon, and saw 8 of its levels.

You collected 253 gold pieces.

Inventory:

Hand Weapons
 t - a +1 trident of freezing (weapon)
Missiles
 b - 137 stones
Armour
 c - a +0 robe (worn)
Jewellery
 g - a +4 ring of protection (left hand)
 p - a ring of magical power
 q - a +6 ring of dexterity
 r - an amulet of reflection
 y - a +6 ring of intelligence
Scrolls
 d - a scroll of enchant weapon {unknown}
 e - 8 scrolls of teleportation {unknown}
 f - 4 scrolls of identify
 h - a scroll of brand weapon {unknown}
 j - 2 scrolls of magic mapping {unknown}
 k - 2 scrolls of fog {unknown}
 u - a scroll of silence {unknown}
 w - 2 scrolls of noise {unknown}
 x - a scroll of torment {unknown}
Potions
 a - 2 potions of curing
 i - 4 potions of heal wounds {unknown}
 l - a potion of resistance {unknown}
 m - 2 potions of brilliance {unknown}
 n - 2 potions of haste {unknown}
 o - a potion of invisibility {unknown}
 s - a potion of mutation {unknown}
 v - 2 potions of flight {unknown}
 z - a potion of attraction {unknown}


   Skills:
 + Level 8.0 Fighting
 - Level 2.1 Dodging
 - Level 1.5 Stealth
 * Level 10.0 Spellcasting


You had 6 spell levels left.
You knew the following spells:

 Your Spells              Type           Power      Damage    Failure   Level
a - Stone Arrow           Conj/Erth      94%        3d12      1%          3
b - Passwall              Tmut/Erth      39%        N/A       1%          2
c - Sandblast             Erth           94%        2d19      1%          1
d - Petrify               Tmut/Erth      47%        N/A       1%          4
e - Lee's Rapid Deconstr  Erth           23%        3d14*     3%          5
f - Freeze                Ice            100%       1d11      1%          1
g - Wereblood             Tmut           47%        N/A       1%          2
h - Static Discharge      Conj/Air       47%        N/A       1%          2
i - Inner Flame           Hex/Fire       47%        N/A       1%          3
Your spell library was empty.

Dungeon Overview and Level Annotations

Branches:
Dungeon (7/15)             Temple (1/1) D:4

Altars:
Ashenzari
Dithmenos
Elyvilon
Hepliaklqana
Kikubaaqudgha
Makhleb
Nemelex Xobeh
Qazlal
Ru
Trog
Uskayaw
Vehumet
Wu Jian
Xom
Yredelemnul
Zin
The Shining One

Shops:
D:2 !   D:3 [   D:4 ==

Annotations:
D:5 3 runed translucent doors, kd29's ghost, amateur DsVM


Innate Abilities, Weirdness & Mutations

You are immune to sickness and miasma.
You are immune to poison.
Your flesh is very heat resistant. (rF++)
You are vulnerable to cold. (rC-)
You float through the air rather than walking.
You learn spells naturally, not from books.
Your magical power is your life essence.
You have superior vitality. (+4 HP)


Message History

The troll is heavily wounded.
Casting: Stone Arrow (safe; 1% risk of failure)
Confirm with . or Enter, or press ? or * to list all spells.
The stone arrow hits the troll!
The troll is almost dead.
The troll closely misses you. The troll claws you but does no damage.
The troll barely misses you.
Casting: Stone Arrow (safe; 1% risk of failure)
Confirm with . or Enter, or press ? or * to list all spells.
The stone arrow misses the troll.
The troll bites you!
* * * LOW HITPOINT WARNING * * *
The troll claws you.
* * * LOW HITPOINT WARNING * * *
The troll claws you!
* * * LOW HITPOINT WARNING * * *
Casting: Stone Arrow (safe; 1% risk of failure)
Confirm with . or Enter, or press ? or * to list all spells.
Aiming: Stone Arrow (safe; 1% risk of failure)
Press: ? - help, Shift-Dir - straight line, f/p - troll
Aim: a troll (almost dead, 76% to hit)
The stone arrow hits the purple ugly thing!
The purple ugly thing is lightly wounded.
* * * LOW HITPOINT WARNING * * *
The purple ugly thing gores you!
* * * LOW HITPOINT WARNING * * *
Casting: Stone Arrow (safe; 1% risk of failure)
Confirm with . or Enter, or press ? or * to list all spells.
Aiming: Stone Arrow (safe; 1% risk of failure)
Press: ? - help, Shift-Dir - straight line, f/p - troll
Aim: a troll (almost dead, 76% to hit)
The stone arrow hits the purple ugly thing!
The purple ugly thing is moderately wounded.
* * * LOW HITPOINT WARNING * * *
The purple ugly thing gores you.
* * * LOW HITPOINT WARNING * * *
As you read the scroll labelled TUOCZA FAFYM NOG, it crumbles to dust.
It is a scroll of identify.
a - 2 potions of curing The purple ugly thing gores you!
You die...

### # ####.#### #.#
#..#..).# ..# #.@uT#..# ).
. ##.####e###.#....
#....[#.T.Tu...[.
###.####.##.#.... #.)#....#
.. . #..).#..# ..#
####.#### #.#
#....#.#####.#### #######
#....#.##.#.#)#.####.....##


You could see a purple ugly thing and a troll.

Vanquished Creatures
  A deep elf pyromancer (D:7)
  2 wraiths (D:7)
  A yak (D:7)
  A steam dragon (D:6)
  Menkaure (D:6)
  2 ice beasts
  An orc warrior (D:7)
  2 black bears
  A sky beast (D:5)
  2 necrophages
  An ogre (D:6)
  5 centaurs
  A phantom (D:7)
  2 kobold brigands
  A bullfrog (D:6)
  3 scorpions
  A wyvern zombie (D:5)
  A wyvern skeleton (D:6)
  A water moccasin skeleton (D:4)
  3 howler monkeys
  A centaur zombie (D:5)
  5 hounds
  2 jellies
  An orc wizard (D:5)
  A hound skeleton (D:5)
  3 howler monkey zombies
  7 gnolls
  A howler monkey skeleton (D:7)
  8 adders
  10 orcs
  6 bats
  3 endoplasms
  4 giant cockroaches
  4 goblins
  11 hobgoblins
  5 quokkas
  4 ball pythons
  3 frilled lizards
  3 kobolds
  5 rats
120 creatures vanquished.

Notes
Turn   | Place    | Note
-------+----------+-------------------------------------------
     0 | D:1      | lunkers the Djinni Earth Elementalist began the quest for
                  | the Orb.
     0 | D:1      | Reached XP level 1. HP: 15/15 MP: 0/0
     6 | D:1      | Noticed a snapping turtle
     6 | D:1      | Noticed a black mamba
     7 | D:1      | Noticed a polar bear
     7 | D:1      | Noticed a hog
   217 | D:1      | Reached skill level 3 in Spellcasting
   217 | D:1      | Reached XP level 2. HP: 21/22 MP: 0/0
   447 | D:1      | Reached skill level 1 in Fighting
   857 | D:2      | Reached XP level 3. HP: 23/27 MP: 0/0
   857 | D:2      | Learned a level 1 spell: Freeze
   917 | D:2      | Found Afourph's Distillery.
  1656 | D:2      | Reached XP level 4. HP: 32/33 MP: 0/0
  2258 | D:3      | Found Ronka's Armour Shop.
  2316 | D:3      | Found a faded altar of an unknown god.
  2373 | D:4      | Reached skill level 4 in Spellcasting
  2373 | D:4      | Reached XP level 5. HP: 27/39 MP: 0/0
  2373 | D:4      | Learned a level 2 spell: Wereblood
  2798 | D:4      | Found a staircase to the Ecumenical Temple.
  2812 | D:4      | Reached XP level 6. HP: 43/46 MP: 0/0
  2813 | Temple   | Entered the Ecumenical Temple
  2894 | Temple   | Became a worshipper of Makhleb the Destroyer
  3012 | D:4      | Reached skill level 5 in Spellcasting
  3250 | D:4      | Found Udghupt's Jewellery Boutique.
  3449 | D:4      | Found Xuiluleca's Jewellery Emporium.
  3449 | D:4      | Noticed a black bear
  3452 | D:4      | Killed a black bear
  3557 | D:4      | Reached XP level 7. HP: 45/51 MP: 0/0
  3557 | D:4      | Learned a level 2 spell: Static Discharge
  3874 | D:5      | Entered Level 5 of the Dungeon
  4061 | D:5      | Reached skill level 6 in Spellcasting
  4474 | D:5      | Reached XP level 8. HP: 36/58 MP: 0/0
  4713 | D:5      | Reached skill level 5 in Fighting
  4786 | D:5      | Noticed kd29's ghost (amateur DsVM)
  4787 | D:5      | Found a runed translucent gate.
  4788 | D:5      | Found a runed translucent gate.
  4789 | D:5      | Found a runed translucent gate.
  4848 | D:5      | Reached * piety under Makhleb
  4962 | D:5      | Reached skill level 7 in Spellcasting
  5587 | D:6      | Noticed Menkaure
  5590 | D:6      | Killed Menkaure
  5825 | D:6      | Found a glowing golden altar of the Shining One.
  6034 | D:6      | Found a shimmering altar of Xom.
  6035 | D:6      | Found a hazy altar of Hepliaklqana.
  6036 | D:6      | Noticed a spectral ugly thing
  6164 | D:6      | Reached skill level 8 in Spellcasting
  6292 | D:6      | Reached XP level 9. HP: 56/66 MP: 0/0
  6292 | D:6      | Learned a level 3 spell: Inner Flame
  7108 | D:7      | Reached skill level 9 in Spellcasting
  7731 | D:7      | Noticed a troll
  7732 | D:7      | Noticed a deep elf pyromancer
  7733 | D:7      | Noticed a purple ugly thing
  7910 | D:7      | Killed a deep elf pyromancer
  7911 | D:7      | Reached skill level 10 in Spellcasting
  7911 | D:7      | Reached XP level 10. HP: 65/76 MP: 0/0
  7918 | D:7      | Slain by a purple ugly thing

Illustrated notes

Levels and vault maps discovered:
D:1:      onia_arrival_zoo_common, layout_basic
D:2:      layout_basic, basic_altar, serial_shops, shop_fountains,
          minmay_misc_feat_x, columned_hall_lemuel, minmay_hedge_maze,
          minmay_shallow_snake_nest
D:3:      layout_basic, ebering_ecumenical_altar_hall, serial_shops, shop,
          chequers_avenue, hangedman_decor_growths
D:4:      layout_basic, old_standard_altar, minmay_temple_entry_crystal_x,
          serial_shops, nicolae_shop_window_shopping, kennysheep_small_square
D:5:      layout_loops_corners, gammafunk_ghost_necromancy,
          minmay_misc_feat_pillars
D:6:      minmay_diamond_boxcup, layout_gridville,
          regret_index_temple_of_mockery, kennysheep_little_box,
          amethyst_killhole, uniq_menkaure
D:7:      layout_basic, minmay_the_grid_2x2 [minmay_the_grid_plusring,
          minmay_the_grid_stretched_grid, minmay_the_grid_embedded,
          minmay_the_grid_prize_big_room], uniq_duvessa
Temple:   cyrus_circular_temple

Skill      XL: |  1  2  3  4  5  6  7  8  9 |
---------------+----------------------------+-----
Spellcasting   | 3 4 5 6 8 10 | 10.0
Fighting       | 1 2 3 4 6 8 |  8.0
Dodging        | |  2.1
Stealth        | |  1.5

Action                   |  1- 3 |  4- 6 |  7- 9 | 10-12 || total
-------------------------+-------+-------+-------+-------++-------
 Cast: Sandblast         |    39 |    43 |       |       ||    82
       Stone Arrow       |       |    12 |   112 |     5 ||   129
  Use: Scroll            |       |       |       |     1 ||     1
Armor: Robe              |       |     1 |     3 |     1 ||     5
Dodge: Dodged            |     4 |     9 |     8 |     2 ||    23

Table legend: (Time is in decaauts)
 A = Elapsed time spent in this place.
 B = Non-inter-level travel time spent in this place.
 C = Inter-level travel time spent in this place.
 D = Time resting spent in this place.
 E = Time spent auto-exploring this place.
 F = Levels seen in this place.
 G = Mean time per level.
                   A        B        C        D        E       F      G
               +--------+--------+--------+--------+--------+-----+--------+
         Total |   7915 |   7705 |    210 |    271 |   6891 |   8 |  989.4 |
       Dungeon |   7820 |   7643 |    177 |    271 |   6831 |   7 | 1117.1 |
        Temple |     94 |     61 |     33 |      0 |     60 |   1 |   94.0 |
               +--------+--------+--------+--------+--------+-----+--------+

Top non-repeatable levels by time:
     D:5: 1663 daAuts
     D:4: 1412 daAuts
     D:6: 1387 daAuts
     D:2: 1069 daAuts
     D:7: 991 daAuts
     D:1: 814 daAuts
     D:3: 482 daAuts
  Temple: 94 daAuts
